 Dungeon Crawl Stone Soup version 0.14-a0-1773-ge500af7 (webtiles) character file.

469 ReteAZ the Arsonist (level 6, -1/44 HPs)
             Began as a Djinni Fire Elementalist on Jan 7, 2014.
             Slain by a giant cockroach (2 damage)
             ... on Level 4 of the Dungeon.
             The game lasted 00:19:34 (3147 turns).

ReteAZ the Arsonist (Djinni Fire Elementalist)      Turns: 3147, Time: 00:19:34

HP  -1/44 (36)   AC  2     Str  6      XL: 6   Next: 32%
MP   0/0         EV 12     Int 17      God:
Gold 124         SH  0     Dex 14      Spells:  3 memorised,  5 levels left

rFire  + + +     SeeInvis +     c - +0,+2 hand axe (chop)
rCold  . . .     Clarity  .     a - +0 robe
rNeg   + + +     Conserve .     (no shield)
rPois  .         rCorr    .     (no helmet)
rElec  .         rRot     .     (no cloak)
SustAb . .       Spirit   .     (no gloves)
rMut   .         Warding  .     (boots unavailable)
Saprov . . .     Stasis   .     (no amulet)
                                g - ring of protection from cold
                                d - ring of positive energy

@: non-regenerating, flying, mildly diseased, somewhat resistant to hostile
enchantments, fairly stealthy
A: fire immunity, cold vulnerability, see invisible, magic resistance 1,
mutation resistance 1, life protection 3, weak 1
a: no special abilities


You were on level 4 of the Dungeon.
You were not hungry.

You visited 1 branch of the dungeon, and saw 4 of its levels.

You collected 124 gold pieces.

Inventory:

Hand weapons
 c - a +0,+2 hand axe of chopping (weapon)
Missiles
 k - 23 darts
 m - 7 tomahawks (quivered)
Armour
 a - a +0 robe (worn)
Scrolls
 i - a scroll of curse weapon {unknown}
 p - a scroll of teleportation {unknown}
 q - 2 scrolls of random uselessness {unknown}
 t - 2 scrolls of enchant weapon II {unknown}
 u - a scroll of amnesia {unknown}
Jewellery
 d - a ring of positive energy (left hand)
 g - a ring of protection from cold (right hand)
 o - an uncursed amulet of guardian spirit {unknown}
Potions
 r - a potion of agility
Books
 b - a book of Flames

   Spells                             Type                      Level
   *Flame Tongue                      Conjuration/Fire             1
   *Throw Flame                       Conjuration/Fire             2
   *Conjure Flame                     Conjuration/Fire             3
   Inner Flame                        Hexes/Fire                   3
   Sticky Flame                       Conjuration/Fire             4
   Fireball                           Conjuration/Fire             5


   Skills:
 - Level 1.7 Dodging
 - Level 1.5 Stealth
 - Level 3.1 Spellcasting
 * Level 3.2 Conjurations
 + Level 8.3 Fire Magic


You had 5 spell levels left.
You knew the following spells:

 Your Spells              Type           Power        Failure   Level  Hunger
a - Flame Tongue          Conj/Fire      ###..        1%          1    None
b - Conjure Flame         Conj/Fire      ###.....     6%          3    ###....
c - Throw Flame           Conj/Fire      ###...       2%          2    ##.....


Dungeon Overview and Level Annotations

Branches:
Dungeon (4/16)
 Temple: D:4-7

Altars:
Fedhas
Okawaru

Shops:
D:4 /


Innate Abilities, Weirdness & Mutations

You are immune to all types of fire, even holy and hellish.
You are vulnerable to cold.
You need no food.
You have no legs.
You are immune to negative energy.
You have supernaturally acute eyesight.
You are resistant to hostile enchantments.
You are somewhat resistant to further mutation.
You are weak. (Str -2)


Message History

Your Conjurations skill increases to level 3!
You have reached level 6!
Your experience leads to an increase in your attributes!
Increase (S)trength, (I)ntelligence, or (D)exterity?
You feel clever.
A rat comes into view.
Found 11 stones.
You see here a scroll of remove curse.
Found 14 gold pieces.
Found a pear.
The rat barely misses you. The rat misses you.
Found Freubruk's Magical Wand Emporium.
You feel your flesh rotting away. The giant cockroach closely misses you.
The rat barely misses you.
The giant cockroach bites you but does no damage.
The giant cockroach bites you but does no damage.
There is a stone staircase leading up here.
The giant cockroach bites you.
You die...

.# #..# .# .# #..##.# #
.# #.....#.# .# #.....#.#
.. #....... .# #.....# ##
.# #.....# ....
?############.....#......
..o.sz).)......s@........
.##########.......#.>....
.# #...o...# .!.. .#
#.r.....# ..
.##########.......##
.....................
(......####.......###
.......# #########
.......#


You could see an orc, a giant cockroach and a rat.

Vanquished Creatures
  A necrophage (D:4)
  3 orc wizards (D:3)
  A centaur skeleton (D:3)
  4 adders (D:2)
  3 worms
  An ooze (D:3)
  11 orcs
  8 giant cockroaches
  9 hobgoblins
  3 jackals (D:1)
  2 ball pythons
  7 bats
  8 giant newts
  7 goblins
  10 kobolds
  2 quokkas (D:2)
  5 rats
85 creatures vanquished.

Notes
Turn   | Place    | Note
--------------------------------------------------------------
     0 | D:1      | ReteAZ, the Djinni Fire Elementalist, began the quest for the Orb.
     0 | D:1      | Reached XP level 1. HP: 14/14 MP: 0/0
   316 | D:1      | Reached XP level 2. EP: 12/22
   756 | D:2      | Reached XP level 3. EP: 13/28
   861 | D:2      | Reached skill level 5 in Fire Magic
  1111 | D:2      | Reached XP level 4. EP: 28/36
  1116 | D:2      | Learned a level 3 spell: Conjure Flame
  1119 | D:2      | Learned a level 2 spell: Throw Flame
  1544 | D:2      | Reached skill level 6 in Fire Magic
  1708 | D:3      | Found an iron altar of Okawaru.
  2041 | D:3      | Reached XP level 5. EP: 7/42
  2250 | D:3      | Reached skill level 7 in Fire Magic
  2423 | D:3      | Found a blossoming altar of Fedhas.
  2662 | D:3      | HP: 2/42 [poisoned by a kobold]
  2666 | D:3      | Paralysed by a potion of paralysis for 3 turns
  2671 | D:3      | Gained mutation: You have supernaturally acute eyesight. [potion of mutation]
  2671 | D:3      | Gained mutation: You are weak. (Str -2) [potion of mutation]
  2671 | D:3      | Gained mutation: You are resistant to hostile enchantments. [potion of mutation]
  2672 | D:3      | Gained mutation: You are somewhat resistant to further mutation. [potion of beneficial mutation]
  2752 | D:3      | Reached skill level 8 in Fire Magic
  3060 | D:4      | Noticed a necrophage
  3113 | D:4      | Killed a necrophage
  3113 | D:4      | Reached XP level 6. EP: 1/45
  3130 | D:4      | Found Freubruk's Magical Wand Emporium.
  3147 | D:4      | Slain by a giant cockroach

Action                   |  1- 3 |  4- 6 || total
-------------------------+-------+-------++-------
Melee: Hand axe          |    21 |    72 ||    93
Throw: Dart              |     1 |       ||     1
       Tomahawk          |     4 |     7 ||    11
 Cast: Flame Tongue      |    49 |    77 ||   126
       Conjure Flame     |       |    13 ||    13
       Throw Flame       |       |     7 ||     7
  Use: Scroll            |       |     3 ||     3
       Potion            |       |     9 ||     9
 Stab: Sleeping          |       |     1 ||     1
